 Dungeon Sprint DCSS version 0.21-a0-417-g0adc95b (webtiles) character file.

382 Kidiri the Insei (level 6, -3/69 HPs)
             Began as a Draconian Transmuter on Nov 3, 2017.
             Was an Initiate of Wu Jian.
             Asphyxiated
             ... in the Dungeon (Sprint I: "Red Sonja").
             The game lasted 00:03:14 (435 turns).

Kidiri the Insei (Draconian Transmuter)              Turns: 435, Time: 00:03:15

Health: -3/69      AC:  5    Str: 13    XL:     6   Next: 47%
Magic:  10/12      EV: 12    Int: 13    God:    Wu Jian [......]
Gold:   60         SH:  0    Dex: 13    Spells: 4/14 levels left

rFire    x . .     SeeInvis .     - Unarmed
rCold    + + +     Gourm    .   (shield currently unavailable)
rNeg     . . .     Faith    .   (armour unavailable)
rPois    +         Spirit   .   (helmet currently unavailable)
rElec    .         Reflect  .   (cloak currently unavailable)
rCorr    .         Harm     .   (gloves currently unavailable)
MR       .....     NoTele   +   (boots currently unavailable)
Stlth    +++.......             (no amulet)
HPRegen  0.21/turn              (no ring)
MPRegen  0.13/turn              (no ring)

@: ice-form, hasted, very quick
A: unfitting armour, AC +6
a: End Transformation, Renounce Religion


You were in the Dungeon.
You worshipped Wu Jian.
Wu Jian was noncommittal.
You were not hungry.
You were a creature of crystalline ice.
You visited 1 branch You collected 351 gold pieces.
You spent 291 gold pieces at shops.

Inventory:

Hand Weapons
 j - a +2 club
 l - a +0 scythe
Missiles
 a - 8 arrows
Armour
 k - a +0 ring mail
 m - a +0 robe
Scrolls
 i - a scroll of blinking
 n - 2 scrolls of identify
 o - 2 scrolls of remove curse
 p - a scroll of fear
 q - a scroll of amnesia
 r - a scroll of fog
Potions
 d - a potion of curing
 g - 2 potions of magic
Books
 b - a book of Changes

   Spells                             Type                      Level
   a - Beastly Appendage              Transmutation                1
   b - Sticks to Snakes               Transmutation                2
   c - Spider Form                    Transmutation/Poison         3
   d - Ice Form                       Ice/Transmutation            4
   e - Blade Hands                    Transmutation                5
Comestibles
 c - a bread ration
 h - 5 chunks of flesh


   Skills:
 * Level 6.8 Fighting
 + Level 4.3 Dodging
 + Level 4.2 Stealth
 * Level 7.0 Unarmed Combat
 + Level 4.5 Spellcasting
 * Level 6.5 Transmutations
 + Level 1.9 Ice Magic
 + Level 3.0 Poison Magic


You had 4 spell levels left.
You knew the following spells:

 Your Spells              Type           Power        Failure   Level  Hunger
a - Beastly Appendage     Tmut           ###...       1%          1    None
b - Sticks to Snakes      Tmut           ###.....     1%          2    ##.....
c - Spider Form           Tmut/Pois      ###.......   9%          3    ###....
d - Ice Form              Ice/Tmut       ##......     32%         4    ####...


Dungeon Overview and Level Annotations

Branches:
Dungeon (1/1)

Altars:
Cheibriados
Dithmenos
Elyvilon
Fedhas
Gozag
Hepliaklqana
Kikubaaqudgha
Nemelex Xobeh
Okawaru
Qazlal
Ru
Sif Muna
Trog
Uskayaw
Vehumet
Wu Jian
Yredelemnul
Zin
The Shining One

Shops:
D ?

Annotations:
D Sonja


Innate Abilities, Weirdness & Mutations

((Your plain brown scales are hard. (AC +6)))
You cannot fit into any form of body armour.
((You are cold-blooded and may be slowed by cold attacks.))


Message History

Sonja shoots a curare-tipped needle.
The curare-tipped needle hits you.
You see here a curare-tipped needle.
Unknown command.
Sonja mumbles some strange words.
Sonja blinks!
You now have 33 gold pieces (gained 27).
Unknown command.
You see here 27 gold pieces.
Unknown command.
You now have 60 gold pieces (gained 27).
Sonja shoots a curare-tipped needle.
The curare-tipped needle barely misses you.
Sonja mumbles some strange words.
Sonja blinks!
Sonja shoots a curare-tipped needle.
The curare-tipped needle hits you.
You see here 2 curare-tipped needles.
Unknown command.
Sonja shoots a curare-tipped needle.
The curare-tipped needle hits you.
You have difficulty breathing.
You die...

#..####..#...#[#***,,*****,,
#..#__####..##(#≈≈≈,,*,,**+*
#..#_____##+#_.+≈≈≈,,+,,*,,,
#⌠⌠#_.∩..÷+.§._#≈≈≈,,*,,*,,,
####_..__##_.#+#*+*****+***,
*,,#_____###K#(#,,,,***,+,*,
***#########.###*+***,***,*,
*∩,,,,,,,,+$..+,,,,,+,∩**,*,
***++++***#Y((#**********,**
*,,,,,,,**##.##*,,,,,,,**,**
*,,,,,,,,*,#+#,*,,,,,,,,+,**
*,,*,,,,,*,,,,,*+++******,*,
*,,,,,,,,*,,,,,*,,,,,,,,*,**
*,,,,,*,,*******,,,,,,,*+,*,
*,,,,,,,,**,,,,,,,,,,,≈****,
*,,*,,,,,**,,,,,,,,,,≈≈**,,,
*,,,,,,,,***,,,,,,,≈≈≈***,,,


You could see Sonja.

Vanquished Creatures
  Sigmund (D)
  A yak (D)
  A jelly (D)
  Ijyb (D)
4 creatures vanquished.

Vanquished Creatures (collateral kills)
  An ogre (D)
1 creature vanquished.

Grand Total: 5 creatures vanquished

Notes
Turn   | Place    | Note
-------+----------+-------------------------------------------
     0 | D        | Kidiri the Draconian Transmuter began the quest for the Orb.
     0 | D        | Reached XP level 1. HP: 16/16 MP: 3/3
     3 | D        | Noticed Ijyb
    11 | D        | Killed Ijyb
    11 | D        | Reached skill level 1 in Stealth
    11 | D        | Reached skill level 4 in Unarmed Combat
    11 | D        | Reached XP level 2. HP: 26/26 MP: 2/5
    53 | D        | Learned a level 2 spell: Sticks to Snakes
    54 | D        | Noticed an ogre
    62 | D        | Killed an ogre
    62 | D        | Reached skill level 5 in Unarmed Combat
    62 | D        | Reached XP level 3. HP: 18/34 MP: 0/7
    62 | D        | Reached XP level 4. HP: 21/41 MP: 0/8
    67 | D        | Learned a level 3 spell: Spider Form
   213 | D        | Noticed Sigmund
   220 | D        | Killed Sigmund
   220 | D        | Reached skill level 5 in Fighting
   220 | D        | Reached skill level 6 in Unarmed Combat
   220 | D        | Reached skill level 5 in Transmutations
   220 | D        | Reached XP level 5. HP: 50/50 MP: 2/10
   235 | D        | Learned a level 4 spell: Ice Form
   288 | D        | Found an ornate altar of the Wu Jian Council.
   288 | D        | Found a deep blue altar of Sif Muna.
   290 | D        | Found a radiant altar of Vehumet.
   297 | D        | Became a worshipper of the Wu Jian Council
   383 | D        | Found Tiuvve's Magic Scroll Emporium.
   383 | D        | Found an ancient bone altar of Kikubaaqudgha.
   383 | D        | Found a hazy altar of Hepliaklqana.
   383 | D        | Found a stormy altar of Qazlal.
   383 | D        | Found a hide-covered altar of Uskayaw.
   383 | D        | Found a blossoming altar of Fedhas.
   383 | D        | Found a bloodstained altar of Trog.
   383 | D        | Found an iron altar of Okawaru.
   383 | D        | Found a basalt altar of Yredelemnul.
   383 | D        | Found a glowing golden altar of the Shining One.
   383 | D        | Found a snail-covered altar of Cheibriados.
   383 | D        | Found a sacrificial altar of Ru.
   383 | D        | Found a glowing silver altar of Zin.
   383 | D        | Found a shadowy altar of Dithmenos.
   383 | D        | Found a white marble altar of Elyvilon.
   383 | D        | Noticed a yak
   384 | D        | Found an opulent altar of Gozag.
   389 | D        | Killed a yak
   389 | D        | Reached skill level 7 in Unarmed Combat
   389 | D        | Reached skill level 1 in Ice Magic
   389 | D        | Reached XP level 6. HP: 57/58 MP: 8/12
   390 | D        | Found a sparkling altar of Nemelex Xobeh.
   396 | D        | Bought a scroll of identify for 26 gold pieces
   396 | D        | Bought 2 scrolls of remove curse for 78 gold pieces
   396 | D        | Bought a scroll of fear for 45 gold pieces
   396 | D        | Bought a scroll of amnesia for 45 gold pieces
   396 | D        | Bought a scroll of identify for 26 gold pieces
   396 | D        | Bought a scroll of fog for 26 gold pieces
   396 | D        | Bought a scroll of magic mapping for 45 gold pieces
   419 | D        | Noticed Sonja
   425 | D        | HP: 2/69 [Sonja/uncursed short sword of distortion (9)]
   435 | D        | Asphyxiated

Vault maps used:
D:        dungeon_sprint_1

Skill      XL: |  1  2  3  4  5 |
---------------+----------------+-----
Fighting       | 3 4 5 6 |  6.8
Dodging        | 2 3 4 |  4.3
Stealth        | 1 2 3 4 |  4.2
Unarmed Combat | 4 5 6 7 |  7.0
Transmutations | 3 4 5 6 |  6.5
Spellcasting   | 3 4 |  4.5
Poison Magic   | 2 3 |  3.0
Ice Magic      | 1 |  1.9

Action                   |  1- 3 |  4- 6 || total
-------------------------+-------+-------++-------
Melee: Unarmed           |    11 |    16 ||    27
       Kick              |     3 |       ||     3
       Tailslap          |     1 |       ||     1
 Cast: Beastly Appendage |     2 |       ||     2
       Sticks to Snakes  |     2 |     2 ||     4
       Spider Form       |       |     3 ||     3
       Ice Form          |       |     1 ||     1
  Use: Potion            |     1 |     2 ||     3
       Scroll            |       |     1 ||     1
 Stab: Sleeping          |       |     1 ||     1
Armor: Skin              |     2 |     4 ||     6
Dodge: Dodged            |     5 |    13 ||    18

Table legend:
 A = Spawn XP
 B = Non-spawn XP
 C = Spawn XP percentage of total XP
 D = Spawn monster count
 E = Non-spawn monster count
 F = Spawn count percentage of total count
 G = Total turns spent on level
                    A         B        C        D         E        F      G
               +---------+---------+-------+---------+---------+-------+---------
         Total |       0 |     547 |   0.0 |       0 |       5 |   0.0 |   435
               +---------+---------+-------+---------+---------+-------+---------
             D |       0 |     547 |   0.0 |       0 |       5 |   0.0 |   435
               +---------+---------+-------+---------+---------+-------+---------
